 Dungeon Crawl Stone Soup version 0.31-a0-536-ga3e2962e35 (webtiles) character file.

Game seed: 5734037578629379580

4035 JackS81 the Slicer (level 10, -5/62 (71) HPs)
             Began as a Demonspawn Reaver on Aug 13, 2023.
             Was an Initiate of Yredelemnul.
             Slain by Maurice
             ... wielding a +0 short sword
              (7 damage)
             ... on level 10 of the Dungeon.
             The game lasted 00:43:07 (9232 turns).

JackS81 the Slicer (Demonspawn Reaver)              Turns: 9232, Time: 00:43:08

HP:   -5/62 (71)    AC:  2    Str: 18    XL:     10   Next: 4%
MP:   23/23         EV: 13    Int: 16    God:    Yredelemnul [......]
Gold: 422           SH:  4    Dex: 13    Spells: 7/13 levels left

rFire   . . .        U - +2 dagger (venom)
rCold   . . .        t - orb {*channel}
rNeg    . . .        E - +0 leather armour "Aqayggod" {Str+4}
rPois   .            (helmet restricted)
rElec   .            (no cloak)
rCorr   .            (no gloves)
SInv    +            (no boots)
Will    .....        m - amulet of faith
Stlth   ++           r - ring of magical power
HPRegen 0.00/turn    j - ring of see invisible
MPRegen 0.18/turn

%: faith, channel magic (20%)
@: corroded, inhibited regen, heavily drained, invisible
A: horns 2, icy blue scales 2, foul stench 1, spiny 1, large bone plates 1,
inhibited regeneration
a: Renounce Religion, Recall Undead Harvest


You were on level 10 of the Dungeon.
You worshipped Yredelemnul.
Yredelemnul was noncommittal.
You visited 1 branch of the dungeon, and saw 10 of its levels.

You collected 577 gold pieces.
You spent 155 gold pieces at shops.

Inventory:

Hand Weapons
 a - a +0 short sword
 s - a +0 hand axe of electrocution
 x - a +1 short sword of venom
 A - a +0 orcbow
 B - a +0 sling
 R - a +1 short sword of freezing
 T - a +1 sling of freezing
 U - a +2 dagger of venom (weapon)
Missiles
 d - 38 stones (quivered)
 y - 3 curare-tipped darts
 H - 3 throwing nets
Armour
 b - a +0 leather armour
 p - the +3 chain mail of Ashenzari, Hungering {Dex+3}
   (You found it on level 5 of the Dungeon)

   Dex+3:     It affects your dexterity (+3).
 t - an orb of energy (worn)
 E - the +0 leather armour "Aqayggod" (worn) {Str+4}
   (You found it on level 6 of the Dungeon)

   Str+4:     It affects your strength (+4).
Magical Staves
 D - a staff of conjuration
Jewellery
 h - a ring of positive energy
 j - a ring of see invisible (right hand)
 m - an amulet of faith (around neck)
 r - a ring of magical power (left hand)
 F - an amulet of regeneration
 Q - a ring of fire
 S - an amulet of regeneration
Wands
 C - a wand of paralysis (10)
 K - a wand of roots (5)
 M - a wand of acid (8)
Scrolls
 c - 2 scrolls of immolation {unknown}
 f - a scroll of teleportation {unknown}
 g - 2 scrolls of noise {unknown}
 i - 2 scrolls of fear {unknown}
 k - a scroll of revelation {unknown}
 l - a scroll of silence {unknown}
 n - 2 scrolls of vulnerability {unknown}
 o - 8 scrolls of poison {unknown}
 v - a scroll of enchant weapon {unknown}
 I - 3 scrolls of identify
 L - a scroll of brand weapon {unknown}
 N - a scroll of blinking {unknown}
 P - a scroll of fog {unknown}
Potions
 e - a potion of invisibility
 q - 2 potions of heal wounds {unknown}
 u - 2 potions of enlightenment
 w - 4 potions of curing
 z - a potion of lignification {unknown}
 G - 2 potions of cancellation
 J - 5 potions of degeneration {unknown}
 O - a potion of berserk rage
 V - 2 potions of magic


   Skills:
 * Level 3.8 Fighting
 + Level 8.5 Short Blades
 * Level 4.4 Throwing
 + Level 4.3 Dodging
 + Level 2.8 Stealth
 - Level 2.0 Spellcasting
 * Level 7.2 Conjurations
 * Level 6.4 Invocations


You had 7 spell levels left.
You knew the following spells:

 Your Spells              Type           Power      Damage    Failure   Level
a - Kiss of Death         Conj/Necr      52%        2d9       16%         1
b - Momentum Strike       Conj/Tloc      26%        3d8       22%         2
c - Hailstorm             Conj/Ice       13%        3d5       36%         3

Your spell library contained the following spells:

 Spells                   Type           Power      Damage    Failure   Level
 Ensorcelled Hibernation  Hex/Ice        2%         N/A       58%         2
 Anguish                  Hex/Necr       0%         N/A       98%         4
 Summon Ice Beast         Ice/Summ       1%         N/A       98%         4
 Simulacrum               Ice/Necr       Unusable   N/A       N/A         6

Dungeon Overview and Level Annotations

Branches:
Dungeon (10/15)            Temple (0/1) D:7            Lair (0/5) D:10
    Orc (0/2) D:9

Altars:
Makhleb
Yredelemnul

Shops:
D:9 (

Annotations:
D:10 Grum, Maurice, Nergalle


Innate Abilities, Weirdness & Mutations

You have a pair of horns on your head.
You are mostly covered in icy blue scales. (AC +3)
You may rarely emit foul miasma when damaged in melee.
You are partially covered in sharp spines.
You are partially covered in large bone plates. (SH +4)
You do not regenerate when monsters are visible.


Message History

You hit Maurice but do no damage.
Maurice is poisoned.
The spectral orc warrior hits you with a +0 war axe!
You feel drained.
The spectral orc warrior barely misses you.
Maurice zaps a wand.
The spectral orc warrior attacks as you move away!
The spectral orc warrior closely misses you.
The spectral orc warrior hits you with a +0 war axe!
The spectral orc warrior attacks as you move away!
The spectral orc warrior is struck by your spines.
The spectral orc warrior hits you with a +0 war axe.
You feel drained.
The spectral orc warrior barely misses your orc zombie.
The spectral orc warrior hits you with a +0 war axe!
You feel drained.
You closely miss Maurice. Your headbutt misses Maurice.
Maurice is lightly wounded.
The spectral orc warrior hits you with a +0 war axe!
* * * LOW HITPOINT WARNING * * *
You emit a cloud of foul miasma!
The spectral orc is struck by your spines.
The spectral orc misses you.
Your orc zombie hits Maurice but does no damage. x2
You feel better.
Maurice mumbles some strange words.
Maurice puts on a burst of speed!
Nergalle hits you with a +0 dagger of protection.
* * * LOW HITPOINT WARNING * * *
You block the spectral orc's attack.
The spectral orc warrior hits you with a +0 war axe!
* * * LOW HITPOINT WARNING * * *
You feel drained.
* * * LOW HITPOINT WARNING * * *
Your orc zombie closely misses Maurice.
You hit the spectral orc but do no damage.
The spectral orc is severely damaged.
Your orc zombie barely misses Maurice.
Maurice is struck by your spines. Maurice hits you with a +0 short sword!
You die...
Your body rises from the dead as a mindless zombie.

...).....# ..#
...[.....#####.#
...).)...<...#.#
.........###.#.#########
.........##.............
......)..#...#..........
.........#.#.#..........
.........>.....ZZZ......
...........###Z@@.......
...........# #.Zo.......
...........# #.$........
###'#......# #..........
#.#.####.# #..........
..#.# #..............
####+# ######......... .
..######## ##. ..


You could see Nergalle, Maurice (swift, unable to see you, poisoned, ally
target), a spectral orc (summoned), 2 spectral orc warriors and 2 friendly orc
zombies.

Vanquished Creatures
  A komodo dragon (D:8)
  Prince Ribbit (D:6)
  A wraith (D:9)
  A steam dragon (D:8)
  4 water moccasins
  3 orc warriors (D:9)
  An ice beast (D:8)
  A black bear (D:8)
  A centaur (D:6)
  A phantom (D:5)
  3 kobold brigands
  4 bullfrogs
  2 scorpions (D:5)
  4 killer bees (D:9)
  A howler monkey (D:7)
  2 orc priests
  3 hounds
  A jelly (D:6)
  4 iguanas
  2 orc wizards
  7 gnolls
  10 adders
  2 river rats (D:6)
  A shadow imp (D:8)
  A white imp (D:6)
  An ufetubus (D:6)
  A worm (D:2)
  3 dart slugs (D:1)
  23 orcs
  7 endoplasms
  5 giant cockroaches
  3 goblins
  7 hobgoblins
  5 quokkas
  5 ball pythons
  4 bats
  3 frilled lizards
  20 kobolds
  3 rats
152 creatures vanquished.

Vanquished Creatures (collateral kills)
  A water moccasin (D:7)
  An orc warrior (D:9)
  An ice beast (D:5)
  An ogre (D:6)
  A centaur (D:9)
  Blork the orc (D:4)
  A phantom (D:5)
  2 killer bees (D:9)
  A howler monkey (D:5)
  A jelly (D:5)
  An iguana (D:5)
  A sleepcap (D:8)
  A gnoll (D:6)
  An adder (D:6)
  A river rat (D:6)
  4 orcs (D:9)
  A bat (D:2)
  2 kobolds (D:5)
23 creatures vanquished.

Vanquished Creatures (others)
  A bullfrog zombie (D:8)
  6 killer bee zombies (D:9)
  A bat zombie (D:2)
  2 ball python zombies
  A gnoll zombie (D:8)
  A hobgoblin zombie (D:3)
  11 kobold zombies
  8 orc zombies
  A rat zombie (D:3)
32 creatures vanquished.

Grand Total: 207 creatures vanquished

Notes
Turn   | Place    | Note
-------+----------+-------------------------------------------
     0 | D:1      | JackS81 the Demonspawn Reaver began the quest for the Orb.
     0 | D:1      | Reached XP level 1. HP: 16/16 MP: 3/3
   348 | D:1      | Reached skill level 3 in Short Blades
   348 | D:1      | Gained mutation: You have a pair of small horns on your
                  | head. [demonic ancestry]
   348 | D:1      | Reached XP level 2. HP: 21/22 MP: 5/5
   768 | D:1      | Reached XP level 3. HP: 27/27 MP: 6/6
  1177 | D:2      | Learned a level 2 spell: Momentum Strike
  1571 | D:2      | Found a basalt altar of Yredelemnul.
  1586 | D:2      | Became a worshipper of Yredelemnul the Dark
  1943 | D:2      | Reached * piety under Yredelemnul
  2069 | D:2      | Gained mutation: You are partially covered in icy blue
                  | scales. (AC +2) [demonic ancestry]
  2069 | D:2      | Reached XP level 4. HP: 33/33 MP: 7/7
  2363 | D:3      | Reached skill level 1 in Throwing
  2551 | D:3      | Reached skill level 4 in Short Blades
  2559 | D:3      | Gained mutation: You are partially covered in sharp spines.
                  | [demonic ancestry]
  2559 | D:3      | Reached XP level 5. HP: 9/38 MP: 8/8
  2575 | D:3      | HP: 1/38 [orc/+0 whip (6)]
  3075 | D:3      | Reached ** piety under Yredelemnul
  3156 | D:4      | Noticed Blork the orc
  3159 | D:4      | Gained mutation: You do not regenerate when monsters are
                  | visible. [potion of mutation]
  3159 | D:4      | Gained mutation: You are partially covered in large bone
                  | plates. (SH +4) [potion of mutation]
  3171 | D:4      | Killed Blork the orc
  3172 | D:4      | Reached skill level 5 in Short Blades
  3172 | D:4      | Reached skill level 1 in Invocations
  3321 | D:4      | Gained mutation: You have a pair of horns on your head.
                  | [demonic ancestry]
  3321 | D:4      | Reached XP level 6. HP: 43/44 MP: 9/9
  3920 | D:5      | Entered Level 5 of the Dungeon
  3964 | D:5      | Identified the +3 chain mail of Ashenzari, Hungering
                  | {Dex+3}
  4038 | D:5      | Noticed a water moccasin
  4045 | D:5      | Killed a water moccasin
  4046 | D:5      | Gained mutation: You may rarely emit foul miasma when
                  | damaged in melee. [demonic ancestry]
  4046 | D:5      | Reached XP level 7. HP: 37/50 MP: 10/10
  4075 | D:5      | Reached skill level 6 in Short Blades
  4171 | D:5      | Found a burning altar of Makhleb.
  4283 | D:5      | Reached *** piety under Yredelemnul
  4578 | D:5      | Reached XP level 8. HP: 56/56 MP: 11/11
  4693 | D:5      | Reached skill level 7 in Short Blades
  4693 | D:5      | Reached skill level 1 in Stealth
  4722 | D:5      | Reached **** piety under Yredelemnul
  5489 | D:6      | Identified the +0 leather armour "Aqayggod" {Str+4}
  5529 | D:6      | Reached skill level 5 in Conjurations
  5640 | D:6      | Noticed Prince Ribbit
  5656 | D:6      | Killed Prince Ribbit
  6034 | D:6      | Reached ***** piety under Yredelemnul
  6238 | D:7      | Found a staircase to the Ecumenical Temple.
  6426 | D:7      | Gained mutation: You are mostly covered in icy blue scales.
                  | (AC +3) [demonic ancestry]
  6426 | D:7      | Reached XP level 9. HP: 47/62 MP: 12/12
  6542 | D:7      | Reached skill level 8 in Short Blades
  6934 | D:8      | Reached skill level 5 in Invocations
  6946 | D:8      | Noticed a komodo dragon
  6957 | D:8      | Killed a komodo dragon
  6962 | D:8      | Learned a level 3 spell: Hailstorm
  8500 | D:9      | Found Quzuink's Weapon Boutique.
  8509 | D:9      | Found a staircase to the Orcish Mines.
  8560 | D:9      | Bought a +1 sling of freezing for 155 gold pieces
  8651 | D:9      | Reached XP level 10. HP: 46/71 MP: 14/14
  9019 | D:10     | Entered Level 10 of the Dungeon
  9019 | D:10     | Noticed Grum
  9060 | D:10     | Noticed a two-headed ogre
  9060 | D:10     | Found a staircase to the Lair.
  9222 | D:10     | Noticed Maurice
  9224 | D:10     | Noticed Nergalle
  9231 | D:10     | HP: 2/62 [spectral orc warrior/+0 war axe[Nergalle] (2)]
  9232 | D:10     | Slain by Maurice

Illustrated notes

Levels and vault maps discovered:
D:1:      dpeg_arrival_prison, layout_loops_corners, nicolae_eternal_life,
          nicolae_figureground_pulse
D:2:      layout_basic, basic_altar
D:3:      layout_basic
D:4:      layout_basic, uniq_blork_the_orc
D:5:      layout_cave_pods, mainiacjoe_overflow_alcove_4
D:6:      wad_woods_settlement, layout_basic, uniq_prince_ribbit1
D:7:      layout_rooms, minmay_temple_entry_stoned_glass
D:8:      nicolae_cairo_tiling_large, layout_cave_pods
D:9:      layout_irregular_city, orc_david_3
D:10:     layout_basic, lair_entry_dummy, uniq_grum, uniq_nergalle, uniq_maurice

Skill      XL: |  1  2  3  4  5  6  7  8  9 |
---------------+----------------------------+-----
Short Blades   | 3 4 5 6 7 8 |  8.5
Dodging        | 2 3 4 |  4.3
Throwing       | 1 2 3 4 |  4.4
Invocations    | 1 2 3 4 6 |  6.4
Conjurations   | 4 5 7 |  7.2
Stealth        | 1 2 |  2.8
Fighting       | 3 |  3.8
Spellcasting   | |  2.0

Action                     |  1- 3 |  4- 6 |  7- 9 | 10-12 || total
---------------------------+-------+-------+-------+-------++-------
  Melee: Short sword       |   127 |   127 |   188 |    27 ||   469
         Punch             |     2 |       |       |       ||     2
         Headbutt          |    18 |    19 |    52 |     7 ||    96
         Dagger            |       |       |       |     3 ||     3
   Fire: Sling             |       |       |     3 |       ||     3
  Throw: Stone             |       |       |    14 |       ||    14
   Cast: Momentum Strike   |       |    11 |    38 |       ||    49
    Use: Scroll            |     1 |     2 |     2 |       ||     5
         Potion            |       |     8 |       |     2 ||    10
   Stab: Distracted        |       |     1 |     3 |       ||     4
 Armour: Leather armour    |    23 |    26 |    24 |     3 ||    76
  Dodge: Dodged            |    64 |    56 |    64 |    11 ||   195
  Block: Other             |       |     2 |       |       ||     2
         Orb               |       |     1 |    25 |     1 ||    27

Table legend: (Time is in decaauts)
 A = Elapsed time spent in this place.
 B = Non-inter-level travel time spent in this place.
 C = Inter-level travel time spent in this place.
 D = Time resting spent in this place.
 E = Time spent auto-exploring this place.
 F = Levels seen in this place.
 G = Mean time per level.
                   A        B        C        D        E       F      G
               +--------+--------+--------+--------+--------+-----+--------+
         Total |   9115 |   8751 |    364 |    510 |   6841 |  10 |  911.5 |
       Dungeon |   9115 |   8751 |    364 |    510 |   6841 |  10 |  911.5 |
               +--------+--------+--------+--------+--------+-----+--------+

Top non-repeatable levels by time:
     D:9: 1252 daAuts
     D:1: 1161 daAuts
     D:6: 1150 daAuts
     D:8: 1067 daAuts
     D:2: 1045 daAuts
     D:5: 1033 daAuts
     D:3: 853 daAuts
     D:4: 821 daAuts
     D:7: 605 daAuts
    D:10: 124 daAuts
